Map: Blueshift LE

Players

Kolo - Winner!

  • Race: Terran Terran
  • League: Diamond
  • Spawn Location: 7:00

JohnCena

  • Race: Protoss Protoss
  • League: Diamond
  • Spawn Location: 1:00

VOD

Have the link to the VOD?

Description

Time

  • Played on: Dec. 5, 2018, 10:11 p.m.
  • Length: 8:16
Show
View Real Time Build Order
Export as new Build Order

Kolo Terran - Winner!

Build Orders: Reaper Expand 

Get SALT Encoding   

  12  0:01  SCV  
  13  0:13  SCV  
  14  0:17  Supply Depot  
  14  0:25  SCV  
  15  0:39  SCV  
  15  0:41  Barracks  
  16  0:45  Refinery  
  16  0:51  SCV  
  17  1:03  SCV  
  18  1:15  SCV  
  19  1:28  Reaper  
  19  1:29  Orbital Command  
  20  1:40  Command Center  
  20  1:49  Supply Depot  
  20  1:54  SCV  
  20  2:00  Marine  
  22  2:06  Factory  
  22  2:09  SCV  
  22  2:11  Refinery  
  23  2:21  SCV  
  24  2:22  Barracks Reactor  
  24  2:27  Barracks  
  24  2:35  Bunker  
  24  2:40  SCV  
  25  2:50  Factory Tech Lab  
  25  2:52  SCV  
  25  2:55  Orbital Command  
  25  2:57  Bunker  
  25  2:59  Marine  
  25  3:01  Marine  
  27  3:12  Cyclone  
  30  3:13  SCV  
  30  3:17  Barracks Tech Lab  
  31  3:24  Marine x2  
  33  3:28  SCV x2  
  35  3:39  Supply Depot  
  35  3:41  Stimpack  
  35  3:42  Engineering Bay  
  35  3:43  Marine  
  36  3:48  Marine x2  
  36  3:51  SCV  
  36  3:53  SCV  
  40  4:01  Marine  
  41  4:03  SCV  
  41  4:05  SCV  
  43  4:10  Terran Infantry Weapons Level 1  
  43  4:14  Marine x2  
  43  4:15  SCV  
  46  4:17  Starport  
  46  4:18  SCV  
  46  4:19  Marine, Missile Turret  
  46  4:23  Missile Turret  
  48  4:25  Factory Reactor  
  48  4:32  Marine, SCV x2  
  48  4:35  Supply Depot  
  51  4:39  Supply Depot  
  51  4:42  Marine x2  
  53  4:47  SCV  
  53  4:51  Barracks  
  54  4:57  SCV  
  55  5:01  Marine x2  
  55  5:02  Marine, Supply Depot  
  55  5:05  SCV  
  59  5:08  Medivac  
  59  5:09  Medivac  
  59  5:10  SCV, Widow Mine  
  66  5:21  Marine  
  66  5:22  Marine, Marauder  
  66  5:24  SCV  
  66  5:27  Supply Depot  
  66  5:28  Refinery  
  71  5:31  Widow Mine  
  73  5:38  Medivac  
  73  5:39  Medivac  
  77  5:46  SCV  
  77  5:49  Supply Depot  
  78  5:50  Marine  
  78  5:51  Marine  
  78  5:52  Marauder x2  
  84  6:10  Marine x2  
  86  6:13  Liberator, Command Center  
  86  6:14  Supply Depot, SCV  
  87  6:19  Supply Depot  
  87  6:20  Liberator  
  87  6:28  Marauder x2  
  94  6:35  SCV x2  
  99  6:49  Marine x2  
  100  6:57  Marauder x2  
  104  7:10  Marine x2  
  104  7:13  Supply Depot  
  104  7:15  Supply Depot  
  106  7:18  Marauder x2  
  110  7:37  Marine x2  
  109  7:39  Marine, Marauder, Medivac  
  109  7:44  Barracks x2  
  116  7:46  Engineering Bay  
  116  7:47  Armory  
Show
View Real Time Build Order
Export as new Build Order

JohnCena Protoss 

Build Orders:  

Get SALT Encoding   

  12  0:01  Probe  
  13  0:13  Probe  
  14  0:18  Pylon  
  14  0:25  Probe  
  15  0:38  Gateway, Probe  
  16  0:43  Assimilator  
  16  0:46  Probe  
  16  0:55  Probe  
  18  1:07  Probe  
  19  1:19  Probe  
  19  1:24  Gateway  
  20  1:28  Cybernetics Core  
  20  1:31  Pylon, Probe  
  21  1:34  Assimilator  
  21  1:50  Pylon  
  21  2:01  Stalker x2, Probe  
  21  2:04  Warp Gate  
  22  2:14  Probe  
  27  2:31  Stalker  
  29  2:53  Nexus  
  29  2:59  Pylon  
  29  3:01  Sentry  
  31  3:08  Probe  
  32  3:18  Stalker  
  34  3:20  Probe  
  35  3:32  Probe  
  36  3:38  Robotics Facility  
  36  3:44  Probe  
  37  3:55  Probe  
  37  4:02  Probe  
  38  4:04  Probe  
  40  4:10  Probe  
  40  4:12  Probe  
  40  4:14  Shield Battery  
  40  4:16  Shield Battery  
  42  4:19  Probe  
  42  4:22  Robotics Facility  
  43  4:28  Immortal  
  43  4:31  Probe  
  43  4:34  Twilight Council  
  48  4:44  Probe x2  
  50  4:51  Blink  
  50  5:13  Probe x2  
  52  5:15  Assimilator  
  52  5:19  Pylon  
  52  5:20  Assimilator  
  52  5:22  Stalker x2  
  52  5:25  Probe x2  
  58  5:29  Pylon  
  58  5:32  Pylon  
  58  5:44  Probe x2  
  58  5:47  Immortal, Stalker x2  
  64  5:56  Probe x2  
  70  6:01  Gateway x2  
  70  6:08  Probe  
  70  6:10  Forge x2  
  71  6:14  Observer  
  72  6:21  Observer  
  72  6:24  Stalker x2  
  77  6:43  Nexus  
  77  7:00  Pylon  
  77  7:03  Stalker x4  
  85  7:18  Immortal  
  85  7:19  Pylon  
  89  7:30  Sentry x2  
  93  7:45  Pylon  
  93  7:47  Pylon  
  93  7:48  Pylon  
  93  7:49  Pylon  
  73  8:04  Nexus  
Tags
 
Add a new tag
Caveats
  • Supply blocks, unpowered buildings, or Contaminate may cause inaccurate times.
  • Supply counts are checked every 10 seconds.